 Dungeon Crawl Stone Soup version 0.30.1-11-g7821555f0a (webtiles) character file.

Game seed: 8274485445692018763

2931 Ijustatesigmund the Conjurer (level 9, -15/58 HPs)
             Began as an Octopode Conjurer on Jan 4, 2024.
             Was a Follower of Vehumet.
             Demolished by a komodo dragon (18 damage)
             ... on level 8 of the Dungeon.
             The game lasted 00:22:45 (12045 turns).

Ijustatesigmund the Conjurer (Octopode Conjurer)   Turns: 12045, Time: 00:22:46

Health: -15/58     AC:  1    Str:  7    XL:     9   Next: 79%
Magic:  9/18       EV: 13    Int: 24    God:    Vehumet [*.....]
Gold:   363        SH:  0    Dex: 10    Spells: 10/20 levels left

rFire   . . .        b - staff of conjuration
rCold   . . .        (no shield)
rNeg    . . .        (helmet restricted)
rPois   +            (no amulet)
rElec   .            f - ring of poison resistance
rCorr   .            s - ring of flight
SInv    .            (no ring)
Will    .....        (no ring)
Stlth   +++          (no ring)
HPRegen 0.29/turn    (no ring)
MPRegen 0.16/turn    (no ring)
                     (no ring)

%: no passive effects
@: flying
A: almost no armour, amphibious, 8 rings, camouflage 1, gelatinous body 1,
(nimble swimmer 1), tentacles
a: Renounce Religion


You were on level 8 of the Dungeon.
You worshipped Vehumet.
Vehumet was aware of your devotion.
You visited 2 branches of the dungeon, and saw 9 of its levels.

You collected 377 gold pieces.
You spent 14 gold pieces at shops.

Inventory:

Hand Weapons
 r - a +4 dagger of holy wrath
Magical Staves
 b - a staff of conjuration (weapon)
Jewellery
 f - a ring of poison resistance (left tentacle)
 q - a ring of ice
 s - a ring of flight (right tentacle)
Wands
 u - a wand of flame (20)
Scrolls
 d - 2 scrolls of fog
 e - a scroll of magic mapping {unknown}
 g - 2 scrolls of teleportation {unknown}
 j - a scroll of torment {unknown}
 k - a scroll of amnesia {unknown}
 n - a scroll of brand weapon {unknown}
 o - a scroll of silence {unknown}
 v - a scroll of immolation {unknown}
 x - a scroll of identify
Potions
 a - a potion of magic
 c - a potion of haste
 h - 3 potions of lignification
 i - 2 potions of mutation
 l - a potion of invisibility
 m - 2 potions of curing
 p - 2 potions of flight {unknown}
 t - 3 potions of heal wounds {unknown}
 w - a potion of attraction {unknown}
 z - a potion of brilliance {unknown}


   Skills:
 - Level 4.0 Fighting
 * Level 3.3 Dodging
 + Level 3.9 Stealth
 - Level 6.4 Spellcasting
 - Level 7.2 Conjurations
 - Level 6.2 Translocations
 - Level 3.2 Earth Magic
 - Level 3.2 Evocations


You had 10 spell levels left.
You knew the following spells:

 Your Spells              Type           Power      Damage    Failure   Level
a - Magic Dart            Conj           100%       1d8       1%          1
b - Searing Ray           Conj           100%       2d8       1%          2
c - Iskenderun's Mystic   Conj/Tloc      57%        2d12      4%          4
d - Stone Arrow           Conj/Erth      98%        3d13      2%          3

Your spell library contained the following spells:

 Spells                   Type           Power      Damage    Failure   Level
 Shock                    Conj/Air       100%       1d9       1%          1
 Sandblast                Erth           46%        2d11      1%          1
 Dazzling Flash           Conj/Hex       74%        N/A       5%          3
 Passwall                 Tmut/Erth      12%        N/A       6%          2
 Summon Small Mammal      Summ           28%        N/A       8%          1
 Cigotuvi's Dreadful Rot  Necr/Pois/Air  14%        N/A       12%         2
 Fulminant Prism          Conj/Hex       18%        3d10      17%         4
 Call Canine Familiar     Summ           7%         N/A       22%         3
 Ignite Poison            Fire/Tmut/Pois 7%         N/A       22%         3
 Ozocubu's Armour         Ice            7%         N/A       22%         3
 Summon Guardian Golem    Hex/Summ       7%         N/A       22%         3
 Freezing Cloud           Conj/Ice/Air   14%        6-21      61%         5
 Metabolic Englaciation   Hex/Ice        3%         N/A       91%         5
 Simulacrum               Ice/Necr       3%         N/A       100%        6
 Borgnjor's Revivificati  Necr           3%         N/A       100%        8
 Necromutation            Tmut/Necr      3%         N/A       100%        8
 Death's Door             Necr           3%         N/A       100%        9


Dungeon Overview and Level Annotations

Branches:
Dungeon (8/15)             Temple (1/1) D:7
   Lair: D:8-11

Altars:
Ashenzari
Cheibriados
Dithmenos
Elyvilon
Fedhas
Gozag
Hepliaklqana
Kikubaaqudgha
Makhleb
Nemelex Xobeh
Okawaru
Qazlal
Ru
Sif Muna
Trog
Vehumet
Wu Jian
Xom
Yredelemnul
Zin
The Shining One

Shops:
D:6 !

Annotations:
D:3 3 runed translucent doors, ozzols's ghost, amateur MiBe
D:7 2 transporters, ciphuk's ghost, novice TrMo


Innate Abilities, Weirdness & Mutations

You cannot wear most types of armour.
You are amphibious.
You can wear up to eight rings at the same time.
Your skin changes colour to match your surroundings (Stealth+).
Your rubbery body absorbs attacks. (AC +1, EV +1)
((You are camouflaged when in or above water. (Stealth+)))
You have tentacles for arms and can constrict up to eight enemies at once.


Message History

Found an escape hatch in the ceiling.
There is an escape hatch in the ceiling here.
Found an escape hatch in the floor.
Found a stone staircase leading down.
You reach down and open the door.
There is an open door here.
There is an open door here.
There is a stone staircase leading down here.
A komodo dragon comes into view.
Casting: Iskenderun's Mystic Blast (dangerous; 4% risk of failure)
Confirm with . or Enter, or press ? or * to list all spells.
Aiming: Magic Dart (safe; 1% risk of failure)
Press: ? - help, Shift-Dir - straight line, f - komodo dragon
Aim: a komodo dragon (asleep, 100% to hit)
You feel a surge of power!
The magic dart hits the komodo dragon.
The komodo dragon is lightly wounded.
The komodo dragon hisses angrily.
Casting: Magic Dart (safe; 1% risk of failure)
Confirm with . or Enter, or press ? or * to list all spells.
Aiming: Searing Ray (safe; 1% risk of failure)
Press: ? - help, Shift-Dir - straight line, f/p - komodo dragon
Aim: a komodo dragon (lightly wounded, 87% to hit)
You feel a surge of power!
The searing ray hits the komodo dragon.
The komodo dragon is lightly wounded. (Press . to maintain the ray.)
The searing ray hits the komodo dragon!
The komodo dragon is moderately wounded.
The searing ray hits the komodo dragon.
The komodo dragon is heavily wounded.
The komodo dragon bites you!!
Ouch! That really hurt!
Casting: Searing Ray (safe; 1% risk of failure)
Confirm with . or Enter, or press ? or * to list all spells.
You feel a surge of power!
You erupt in a blast of force!
The mystic blast hits the komodo dragon but does no damage.
The komodo dragon is heavily wounded.
The komodo dragon bites you!!
* * * LOW HITPOINT WARNING * * *
The komodo dragon bites you!!
You die...

### #####
#####.###@l.#
#........###...#
####.#####.#.#
#.. #>...# #####
#.#### #.####
#....## ##
#..#..#
.####..#.>#


You could see a komodo dragon.

Vanquished Creatures
  A steam dragon (D:6)
  Menkaure (D:6)
  2 water moccasins (D:6)
  2 black bears
  An ice beast (D:6)
  A sky beast (D:7)
  2 ogres
  A centaur (D:7)
  A bullfrog (D:7)
  A scorpion (D:6)
  11 wights
  4 electric eels (D:5)
  2 howler monkeys (D:7)
  2 hounds
  A jelly (D:5)
  4 orc priests
  A gnoll bouda (D:5)
  Terence (D:3)
  Jessica (D:3)
  6 orc wizards
  3 sleepcaps
  3 iguanas
  7 gnolls
  11 adders
  2 shadow imps
  2 white imps
  A worm (D:3)
  4 dart slugs
  28 orcs
  6 ball pythons
  2 bats
  7 endoplasms
  6 giant cockroaches
  8 goblins
  9 hobgoblins
  4 jackals (D:4)
  6 kobolds
  5 quokkas
  3 frilled lizards
  5 rats
168 creatures vanquished.

Notes
Turn   | Place    | Note
-------+----------+-------------------------------------------
     0 | D:1      | Ijustatesigmund the Octopode Conjurer began the quest for
                  | the Orb.
     0 | D:1      | Reached XP level 1. HP: 11/11 MP: 3/3
    71 | D:1      | Reached XP level 2. HP: 18/18 MP: 3/5
    74 | D:1      | Learned a level 2 spell: Searing Ray
   513 | D:1      | Reached skill level 1 in Fighting
   571 | D:1      | Reached XP level 3. HP: 23/23 MP: 1/6
  1767 | D:2      | Reached XP level 4. HP: 29/29 MP: 4/8
  1954 | D:2      | Learned a level 4 spell: Iskenderun's Mystic Blast
  2427 | D:2      | Reached skill level 1 in Translocations
  2733 | D:3      | Found a runed translucent gate.
  2734 | D:3      | Found a runed translucent gate.
  2926 | D:3      | Reached XP level 5. HP: 34/34 MP: 1/9
  3222 | D:3      | Noticed Terence
  3259 | D:3      | Killed Terence
  3349 | D:3      | Noticed an ogre
  3361 | D:3      | Killed an ogre
  3362 | D:3      | Reached XP level 6. HP: 39/39 MP: 5/11
  4000 | D:3      | Noticed Jessica
  4005 | D:3      | Killed Jessica
  4129 | D:3      | Found a hazy altar of Hepliaklqana.
  4309 | D:3      | Found a runed translucent gate.
  4311 | D:3      | Noticed ozzols's ghost (amateur MiBe)
  4951 | D:4      | You fall into a shaft and drop 2 floors!
  5038 | D:6      | Reached skill level 5 in Conjurations
  5038 | D:6      | Reached XP level 7. HP: 44/44 MP: 6/13
  5264 | D:6      | Noticed Menkaure
  5270 | D:6      | Killed Menkaure
  5505 | D:6      | Reached skill level 5 in Spellcasting
  5534 | D:6      | Found Powoagaig's Distillery.
  5549 | D:6      | Bought a potion of degeneration for 14 gold pieces
  5553 | D:5      | Entered Level 5 of the Dungeon
  5553 | D:5      | Found a transporter.
  6378 | D:4      | Reached XP level 8. HP: 50/50 MP: 12/15
  6565 | D:5      | Reached skill level 6 in Conjurations
  6902 | D:5      | Reached skill level 5 in Translocations
  6908 | D:5      | Learned a level 3 spell: Stone Arrow
  6991 | D:5      | Found a radiant altar of Vehumet.
  7058 | D:5      | Became a worshipper of Vehumet
  7346 | D:5      | Found a transporter.
  7704 | D:5      | Reached skill level 1 in Earth Magic
  8078 | D:5      | Found a glowing golden altar of the Shining One.
  8416 | D:6      | Reached skill level 1 in Evocations
  8786 | D:6      | Reached XP level 9. HP: 48/56 MP: 11/18
  9138 | D:6      | Found a snail-covered altar of Cheibriados.
  9301 | D:6      | Identified the +7 dagger of Doomed Tortfeasance {flame,
                  | +Blink rElec rF++ Stlth+}
  9596 | D:7      | Reached skill level 7 in Conjurations
  9877 | D:7      | Found a staircase to the Ecumenical Temple.
  9886 | Temple   | Entered the Ecumenical Temple
 10095 | D:7      | Found a transporter.
 10107 | D:7      | Found a bloodstained altar of Trog.
 10107 | D:7      | Noticed ciphuk's ghost (novice TrMo)
 10108 | D:7      | Noticed a moth of wrath
 10115 | D:7      | Found a transporter.
 10754 | D:7      | Reached * piety under Vehumet
 10754 | D:7      | Offered knowledge of Shock by Vehumet.
 11696 | D:8      | Found a bloodstained altar of Trog.
 11696 | D:8      | Found a sparkling altar of Nemelex Xobeh.
 12039 | D:8      | Noticed a komodo dragon
 12045 | D:8      | Demolished by a komodo dragon

Illustrated notes

Levels and vault maps discovered:
D:1:      lightli_arrival_maybe_door_vault, layout_loops_ring,
          minmay_pentomino_t4
D:2:      layout_basic
D:3:      layout_loops_ring, mainiacjoe_overflow_paths,
          ebering_ghost_rock_garden, chequers_big_river, serial_bayou_pond_d,
          kennysheep_orc_chapel, uniq_terence, uniq_jessica
D:4:      layout_basic, eino_curves_04
D:5:      gammafunk_steamed_eel, layout_basic, mainiacjoe_overflow_chevrons,
          marbit_many_paths
D:6:      layout_loops_corners, mainiacjoe_overflow_small_starburst,
          serial_shops, nicolae_stop_n_shop_2, uniq_menkaure
D:7:      nicolae_cairo_tiling_large, layout_loops_corners,
          minmay_temple_entry_offerings, gammafunk_ghost_wrathful_warriors,
          nicolae_titane
D:8:      layout_basic, nicolae_uskayaw_dance_studio,
          grunt_temple_overflow_open, erik_lair_dragon
Temple:   bh_familiar_temple

Skill      XL: |  1  2  3  4  5  6  7  8  9 |
---------------+----------------------------+-----
Fighting       | 1 3 4 |  4.0
Spellcasting   | 3 4 5 6 |  6.4
Translocations | 1 2 3 4 5 6 |  6.2
Conjurations   | 5 6 7 |  7.2
Earth Magic    | 2 3 |  3.2
Evocations     | 1 3 |  3.2
Stealth        | 3 |  3.9
Dodging        | 3 |  3.3

Action                     |  1- 3 |  4- 6 |  7- 9 || total
---------------------------+-------+-------+-------++-------
  Melee: Staff             |     7 |     5 |    10 ||    22
         Constrict         |     1 |     1 |     4 ||     6
         Tentacles         |     1 |       |     6 ||     7
         Punch             |       |       |     1 ||     1
   Cast: Magic Dart        |    54 |    88 |   139 ||   281
         Searing Ray       |       |    16 |    46 ||    62
         Iskenderun's Myst |       |       |    11 ||    11
         Stone Arrow       |       |       |     4 ||     4
  Evoke: Wand              |       |       |     4 ||     4
    Use: Scroll            |     2 |     2 |     3 ||     7
   Stab: Sleeping          |       |       |     1 ||     1
 Armour: Skin              |       |       |     1 ||     1
  Dodge: Dodged            |     8 |    16 |    38 ||    62
